 Dungeon Sprint DCSS version 0.26-a0-649-gf8c6c3aab7 (webtiles) character file.

Game seed: 12789711709970277175

199 sahdkjhfkaj the Transmogrifier (level 5, 0/22 HPs)
             Began as a Felid Transmuter on Sept 27, 2020.
             Was a High Priest of Sif Muna.
             Slain by a death yak (22 damage)
             ... in the Dungeon (Sprint VII: "The Pits").
             The game lasted 00:01:51 (1035 turns).

sahdkjhfkaj the Transmogrifier (Felid Transmuter)   Turns: 1035, Time: 00:01:52

Health: 0/22       AC:  2    Str:  7    XL:     5   Next: 48%
Magic:  9/12       EV: 18    Int: 16    God:    Sif Muna [*****.]
Gold:   0          SH:  0    Dex: 16    Spells: 2/12 levels left
                                        Lives:  0   Deaths: 1

rFire    . . .     SeeInvis +     - Unarmed
rCold    . . .     Faith    .   (shield unavailable)
rNeg     . . .     Spirit   .   (armour unavailable)
rPois    .         Reflect  .   (helmet unavailable)
rElec    .         Harm     .   (cloak unavailable)
rCorr    .         Rampage  .   (gloves unavailable)
MR       .....     NoTele   +   (boots unavailable)
Stlth    ..........             (no amulet)
HPRegen  0.07/turn              (no ring)
MPRegen  0.13/turn              (no ring)

@: blade paws (expiring), quick
A: very small, no armour, no weapons or thrown items, stealth, claws 1, fangs 3,
see invisible, speed 1, shaggy fur 2
a: End Transformation, Channel Magic, Forget Spell, Divine Exegesis, Renounce
Religion


You were in the Dungeon.
You worshipped Sif Muna.
Sif Muna was extremely pleased with you.
You had blades for front paws.
You visited 1 branch

Inventory:

Scrolls
 g - a scroll of blinking
 h - 3 scrolls of remove curse
 i - 5 scrolls of amnesia
 j - a scroll of summoning
 k - 2 scrolls of vulnerability
Potions
 a - 2 potions of invisibility
 b - 5 potions of curing
 c - 5 potions of heal wounds
 d - a potion of haste
 e - 4 potions of magic
 f - 2 potions of berserk rage


   Skills:
 - Level 1.0 Fighting
 - Level 2.6 Dodging
 - Level 8.3 Unarmed Combat
 + Level 4.0 Spellcasting
 + Level 12.0 Transmutations


You had 2 spell levels left.
You knew the following spells:

 Your Spells              Type           Power        Failure   Level
a - Beastly Appendage     Tmut           #####.       8%          1
A - Blade Hands           Tmut           #####.....   26%         5
F - Ice Form              Ice/Tmut       ###.....     54%         4

Your spell library contained the following spells:

 Spells                   Type           Power        Failure   Level
 Wereblood                Tmut           #####...     9%          2
 Spider Form              Tmut/Pois      ###.......   30%         3
 Static Discharge         Conj/Air       #.......     85%         3
 Sticky Flame             Conj/Fire      #.......     99%         4
 Fireball                 Conj/Fire      #.........   100%        5


Dungeon Overview and Level Annotations

Branches:
Dungeon (1/1)

Altars:
Ashenzari
Cheibriados
Dithmenos
Elyvilon
Fedhas
Gozag
Hepliaklqana
Kikubaaqudgha
Makhleb
Nemelex Xobeh
Okawaru
Qazlal
Ru
Sif Muna
Trog
Uskayaw
Vehumet
Wu Jian
Xom
Yredelemnul
Zin
The Shining One
Beogh
Jiyva
Lugonu


Innate Abilities, Weirdness & Mutations

You cannot wear armour.
You are incapable of wielding weapons or throwing items.
Your paws allow you to move quietly. (Stealth)
You have sharp claws.
You have razor-sharp teeth.
You have supernaturally acute eyesight. (SInv)
You cover ground quickly.
You are covered in thick fur. (AC +2)
((Your sharp claws are effective at attacking unaware monsters.))


Message History

Adjust to which letter?
A - Blade Hands
There is an open door here.
There is an open door, spattered with blood here.
Items here: ( )))) [[[ ÷÷÷÷÷÷.
Casting: Ice Form (potentially lethal; 14% risk of failure)
Confirm with . or Enter, or press ? or * to list all spells.
The spell is extremely dangerous to cast (3% risk of failure)!
Continue anyway?
Your front paws turn into razor-sharp scythe blades.
Your transformation is almost over.
There is an open door, spattered with blood here.
Things that are here:
a +0 giant spiked club; an ogre corpse You slice the death yak!!
You slash the death yak, but do no damage.
You bite the death yak, but do no damage.
The death yak is moderately wounded.
The death yak gores you!!
Ouch! That really hurt!
You die...

#.#........##.......#
#)###########.......#
#.......# #########
#..###..# #.......#
##.###.##+#
#.......#.+
#..###..#Y#
#.......@†#
###########


You could see a death yak.

Vanquished Creatures
  An ice beast (D)
  A necrophage (D)
  An ogre (D)
  An orc priest (D)
  A hound (D)
  A jelly (D)
  An ooze (D)
  A worm (D)
  5 orcs (D)
  A bat (D)
  A bat zombie (D)
  A goblin (D)
  6 jackals (D)
  2 jackal skeletons (D)
24 creatures vanquished.

Notes
Turn   | Place    | Note
-------+----------+-------------------------------------------
     0 | D        | sahdkjhfkaj the Felid Transmuter began the quest for the
                  | Orb.
     0 | D        | Reached XP level 1. HP: 9/9 MP: 4/4
    28 | D        | Found a bloodstained altar of Trog.
    28 | D        | Found a shimmering blue altar of Sif Muna.
    28 | D        | Found a viscous altar of Jiyva.
    28 | D        | Found a hazy altar of Hepliaklqana.
    28 | D        | Found an opulent altar of Gozag.
    29 | D        | Found a glowing golden altar of the Shining One.
    29 | D        | Found a glowing silver altar of Zin.
    29 | D        | Found a basalt altar of Yredelemnul.
    29 | D        | Found a shimmering altar of Xom.
    29 | D        | Found an ornate altar of the Wu Jian Council.
    29 | D        | Found a sacrificial altar of Ru.
    29 | D        | Found a stormy altar of Qazlal.
    29 | D        | Found an iron altar of Okawaru.
    29 | D        | Found a sparkling altar of Nemelex Xobeh.
    29 | D        | Found a burning altar of Makhleb.
    29 | D        | Found a blossoming altar of Fedhas.
    29 | D        | Found a white marble altar of Elyvilon.
    29 | D        | Found a shadowy altar of Dithmenos.
    29 | D        | Found a snail-covered altar of Cheibriados.
    30 | D        | Found a radiant altar of Vehumet.
    30 | D        | Found a corrupted altar of Lugonu.
    30 | D        | Found a roughly hewn altar of Beogh.
    31 | D        | Found a hide-covered altar of Uskayaw.
    31 | D        | Found an ancient bone altar of Kikubaaqudgha.
    31 | D        | Found a broken altar of Ashenzari.
    36 | D        | Became a worshipper of Sif Muna the Loreminder
   215 | D        | Reached * piety under Sif Muna
   215 | D        | Reached skill level 5 in Unarmed Combat
   215 | D        | Reached XP level 2. HP: 10/12 MP: 4/6
   283 | D        | Noticed an ice beast
   290 | D        | Reached ** piety under Sif Muna
   296 | D        | Reached *** piety under Sif Muna
   299 | D        | Killed an ice beast
   299 | D        | Reached skill level 6 in Transmutations
   299 | D        | Reached XP level 3. HP: 6/15 MP: 7/7
   299 | D        | Reached XP level 4. HP: 8/19 MP: 8/8
   610 | D        | Learned a level 4 spell: Ice Form
   620 | D        | Noticed a necrophage
   623 | D        | Reached **** piety under Sif Muna
   626 | D        | Reached skill level 7 in Transmutations
   626 | D        | Reached XP level 5. HP: 17/22 MP: 4/9
   629 | D        | Reached skill level 8 in Transmutations
   634 | D        | Reached skill level 9 in Transmutations
   635 | D        | Reached ***** piety under Sif Muna
   639 | D        | Killed a necrophage
   639 | D        | Identified Sif Muna's Tome of Transformation and Arcane
                  | Weapons (Sif Muna gifted it to you in the Dungeon)
   639 | D        | Received a gift from Sif Muna
   639 | D        | Reached skill level 11 in Transmutations
   639 | D        | Gained mutation: You are covered in thick fur. (AC +2)
                  | [Felid growth]
   639 | D        | Reached XP level 6. HP: 13/25 MP: 6/10
   929 | D        | Reached skill level 12 in Transmutations
   982 | D        | Noticed a death yak
   987 | D        | Mangled by a death yak
   988 | D        | Reached XP level 5. HP: -9/26 MP: 9/12
  1003 | D        | Learned a level 5 spell: Blade Hands
  1035 | D        | Slain by a death yak

Illustrated notes

Levels and vault maps discovered:
D:        pitsprint [storerooms_1, entrance_room_1, metal_vault_5, armoury_1,
          mini_pit_1, grid_room_1, main_hall_1, silver_pit, the_coven_1,
          the_vestibule_1, steel_vault_5, golden_pit, hallway_of_sentries,
          crystal_vault_1, iron_vault_5, final_vault]

Skill      XL: |  1  2  3  4  5  6 |
---------------+-------------------+-----
Unarmed Combat | 5 8 |  8.3
Transmutations | 6 7 11 12 | 12.0
Spellcasting   | 4 |  4.0
Fighting       | |  1.0
Dodging        | |  2.6

Action                   |  1- 3 |  4- 6 || total
-------------------------+-------+-------++-------
Melee: Unarmed           |    28 |    33 ||    61
       Headbutt          |     5 |       ||     5
       Bite              |     2 |     1 ||     3
       Punch             |     1 |     1 ||     2
 Cast: Beastly Appendage |     5 |       ||     5
       Ice Form          |       |     3 ||     3
       Blade Hands       |       |     1 ||     1
  Use: Potion            |     2 |     1 ||     3
Armor: Skin              |     5 |     1 ||     6
Dodge: Dodged            |    36 |     7 ||    43

Table legend: (Time is in decaauts)
 A = Elapsed time spent in this place.
 B = Non-inter-level travel time spent in this place.
 C = Inter-level travel time spent in this place.
 D = Time resting spent in this place.
 E = Time spent auto-exploring this place.
 F = Levels seen in this place.
 G = Mean time per level.
                   A        B        C        D        E       F      G
               +--------+--------+--------+--------+--------+-----+--------+
         Total |   1002 |    985 |     17 |    783 |      0 |   1 | 1002.0 |
       Dungeon |   1002 |    985 |     17 |    783 |      0 |   1 | 1002.0 |
               +--------+--------+--------+--------+--------+-----+--------+

Top non-repeatable levels by time:
       D: 1002 daAuts
